 Dungeon Crawl Stone Soup version 0.20.1-1-g8b1a95d (webtiles) character file.

465 karf the Archer (level 6, -7/52 HPs)
             Began as a Centaur Hunter on Oct 28, 2017.
             Was an Initiate of Okawaru.
             Killed from afar by Linguinho's ghost (27 damage)
             ... with a stone arrow
             ... on level 5 of the Dungeon.
             The game lasted 00:16:35 (4425 turns).

karf the Archer (Centaur Hunter)                    Turns: 4425, Time: 00:16:35

Health: -7/52      AC:  5    Str: 15    XL:     6   Next: 80%
Magic:  6/6        EV: 10    Int: 10    God:    Okawaru [......]
Gold:   250        SH:  0    Dex: 15    Spells: 5/5 levels left

rFire    . . .     SeeInvis .   a - +1 shortbow
rCold    . . .     Gourm    +   (shield currently unavailable)
rNeg     . . .     Faith    .   c - +0 leather armour
rPois    .         Spirit   .   (no helmet)
rElec    .         Reflect  .   (no cloak)
rCorr    +         Harm     .   C - +0 pair of gloves
MR       .....                  (no barding)
Stlth    +.........             m - amulet of the gourmand
Regen    0.2/turn               j - +4 ring of dexterity
MPRegen  0.1/turn               p - ring of resist corrosion

@: marked, very slow
A: hooves 3, deformed body, speed 2, tough skin 3
a: Renounce Religion


You were on level 5 of the Dungeon.
You worshipped Okawaru.
Okawaru was noncommittal.
You were hungry.

You visited 2 branches of the dungeon, and saw 6 of its levels.

You collected 250 gold pieces.

Inventory:

Hand Weapons
 a - a +1 shortbow (weapon)
 b - a +0 short sword
Missiles
 d - 58 arrows (quivered)
Armour
 c - a +0 leather armour (worn)
 C - a +0 pair of gloves (worn)
Jewellery
 j - a +4 ring of dexterity (left hand)
 m - an amulet of the gourmand (around neck)
 p - a ring of resist corrosion (right hand)
 B - an uncursed amulet of regeneration {unknown}
Wands
 y - a wand of acid (3/15)
Scrolls
 e - 3 scrolls of fear {unknown}
 g - 3 scrolls of teleportation {unknown}
 i - 2 scrolls of immolation {unknown}
 k - a scroll of magic mapping {unknown}
 o - 7 scrolls of identify {unknown}
 s - 3 scrolls of remove curse {unknown}
 v - 2 scrolls of blinking {unknown}
 w - a scroll of noise {unknown}
Potions
 h - 3 potions of degeneration {unknown}
 n - 2 potions of lignification {unknown}
 q - 2 potions of mutation {unknown}
 t - a potion of curing {unknown}
 u - a potion of ambrosia {unknown}
 z - 2 potions of heal wounds {unknown}
 A - a potion of haste
Comestibles
 f - 5 bread rations
 l - 4 royal jellies
 r - 2 meat rations
 x - a fruit


   Skills:
 + Level 4.1 Fighting
 * Level 9.3 Bows
 - Level 2.0 Dodging
 - Level 0.4 Stealth


You had 5 spell levels left.
You didn't know any spells.

Dungeon Overview and Level Annotations

Branches:
Dungeon (5/15)             Temple (1/1) D:4

Altars:
Ashenzari
Cheibriados
Dithmenos
Elyvilon
Fedhas
Gozag
Hepliaklqana
Kikubaaqudgha
Makhleb
Nemelex Xobeh
Okawaru
Ru
Sif Muna
Trog
Uskayaw
Vehumet
Xom
Yredelemnul
Zin
The Shining One

Shops:
D:4 *

Annotations:
D:5 Linguinho's ghost, amateur DEEE


Innate Abilities, Weirdness & Mutations

You have hooves in place of feet.
Armour fits poorly on your strangely shaped body.
You cover ground very quickly.
You have extremely tough skin. (AC +3)


Message History

You shoot an arrow. The arrow hits Linguinho's ghost.
Linguinho's ghost is heavily damaged.
Linguinho's ghost points at you and mumbles some strange words.
The blast of sand hits you!
Firing (i - inventory):
d - 60 arrows (quivered)
Press: ? - help, Shift-Dir - straight line, f/p - Linguinho's ghost
Aim: Linguinho's ghost (heavily damaged)
You shoot an arrow. The arrow hits Linguinho's ghost!
Linguinho's ghost is severely damaged.
Linguinho's ghost casts a spell at you. The blast of sand hits you!
Firing (i - inventory):
d - 59 arrows (quivered)
Press: ? - help, Shift-Dir - straight line, f/p - Linguinho's ghost
Aim: Linguinho's ghost (severely damaged)
You shoot an arrow.
The arrow barely misses Linguinho's ghost.
Linguinho's ghost casts a spell at you. The stone arrow hits you!
Ouch! That really hurt!
You die...

#.# #...#.......#.## #.#
#.#.##.....###.##
#.#####.#####...#####.#
#.......#########..##.#
#...÷...........##.##.#
###..########.####.#.#.##
.....# #..# ##...## ####.#
###.#####.## # #.#
##^)≈_@###.# #
#.######.≈...≈.##.# #
#.....#≈#...#♣(.#.# #
#.###...≈.≈_....W.# #########
#.# #.#._..≈≈_..#.####.......#
#.# #.###.≈..♣_##<((...W...#.#
#.###..##.._.≈############.#.#
#.......###.##### ######.#..
#####.### #.###.#####....(....


You could see Linguinho's ghost.

Vanquished Creatures
  A scorpion (D:5)
  2 hounds
  3 orc priests
  2 orc wizards
  A bullfrog skeleton (D:5)
  A gnoll (D:1)
  A howler monkey skeleton (D:5)
  4 adders
  An ooze (D:4)
  6 worms
  A dart slug (D:1)
  5 leopard geckos
  11 orcs
  A ball python (D:3)
  10 giant cockroaches
  4 goblins
  9 hobgoblins
  9 jackals (D:1)
  A quokka (D:3)
  5 bats
  8 frilled lizards
  12 kobolds
  9 rats
107 creatures vanquished.

Notes
Turn   | Place    | Note
-------+----------+-------------------------------------------
     0 | D:1      | karf the Centaur Hunter began the quest for the Orb.
     0 | D:1      | Reached XP level 1. HP: 17/17 MP: 1/1
   189 | D:1      | Reached XP level 2. HP: 19/24 MP: 2/2
   299 | D:1      | Reached skill level 6 in Bows
   570 | D:1      | Reached XP level 3. HP: 30/30 MP: 3/3
  1493 | D:2      | Reached XP level 4. HP: 29/37 MP: 4/4
  1549 | D:2      | Found a hazy altar of Hepliaklqana.
  2133 | D:3      | Reached skill level 7 in Bows
  2268 | D:3      | Reached XP level 5. HP: 42/44 MP: 5/5
  2469 | D:3      | Found a glowing silver altar of Zin.
  2471 | D:3      | Found a blossoming altar of Fedhas.
  3059 | D:4      | Found an opulent altar of Gozag.
  3060 | D:4      | Found Gozag's Platinum Reserve.
  3190 | D:4      | Reached skill level 8 in Bows
  3278 | D:4      | Found a staircase to the Ecumenical Temple.
  3672 | Temple   | Entered the Ecumenical Temple
  3743 | Temple   | Became a worshipper of Warmaster Okawaru
  3807 | D:5      | Entered Level 5 of the Dungeon
  3836 | D:5      | Reached XP level 6. HP: 51/51 MP: 6/6
  3849 | D:5      | Found a shimmering altar of Xom.
  3849 | D:5      | Found a shimmering altar of Xom.
  3849 | D:5      | Found a shimmering altar of Xom.
  3851 | D:5      | Found a shimmering altar of Xom.
  3854 | D:5      | Found a shimmering altar of Xom.
  3854 | D:5      | Found a shimmering altar of Xom.
  4186 | D:5      | Reached skill level 9 in Bows
  4349 | D:5      | Found a white marble altar of Elyvilon.
  4368 | D:5      | Noticed Linguinho's ghost (amateur DEEE)
  4425 | D:5      | Killed from afar by Linguinho's ghost

Skill      XL: |  1  2  3  4  5  6 |
---------------+-------------------+-----
Bows           | 6 7 8 9 |  9.3
Dodging        | 2 |  2.0
Fighting       | 3 4 |  4.1
Stealth        | |  0.4

Action                   |  1- 3 |  4- 6 || total
-------------------------+-------+-------++-------
 Fire: Shortbow          |   139 |   228 ||   367
  Eat: Chunk             |       |     6 ||     6
Armor: Leather armour    |    15 |    16 ||    31
Dodge: Dodged            |    27 |    28 ||    55
